 Dungeon Crawl Stone Soup version 0.22-a0-433-gd2a9cce (webtiles) character file.

247 theanonym the Poker (level 5, 0/41 HPs)
             Began as a Mummy Abyssal Knight on May 27, 2018.
             Was a Believer of Lugonu.
             Slain by an orc warrior
             ... wielding a +0 short sword
              (11 damage)
             ... on level 1 of the Dungeon.
             The game lasted 00:05:08 (2295 turns).

theanonym the Poker (Mummy Abyssal Knight)          Turns: 2295, Time: 00:05:09

Health: 0/41       AC:  6    Str: 16    XL:     5   Next: 85%
Magic:  0/6        EV:  9    Int: 17    God:    Lugonu [**....]
Gold:   151        SH:  0    Dex: 12    Spells: 4/4 levels left

rFire    x . .     SeeInvis .   a - +1 spear
rCold    + . .     Gourm    .   (no shield)
rNeg     + + +     Faith    .   c - +0 scale mail
rPois    ∞         Spirit   +   (no helmet)
rElec    .         Reflect  .   e - scarf {Spirit}
rCorr    .         Harm     .   (no gloves)
MR       .....                  (no boots)
Stlth    ..........             (no amulet)
HPRegen  0.13/turn              j - ring of loudness (curse)
MPRegen  0.10/turn              f - +6 ring of intelligence

@: no status effects
A: no food or potions, fire vulnerability, cold resistance 1, negative energy
resistance 3, torment resistance, unbreathing
a: Depart the Abyss, Bend Space, Renounce Religion


Innate Abilities, Weirdness & Mutations

You do not eat or drink.
Your flesh is vulnerable to fire.
You are immune to poison.
Your flesh is cold resistant. (rC+)
You are immune to negative energy. (rN+++)
You are immune to unholy pain and torment.
You can survive without breathing.


   Skills:
 - Level 3.0 Fighting
 + Level 5.1 Polearms
 - Level 1.5 Armour
 - Level 0.7 Dodging
 - Level 1.5 Invocations


You had 4 spell levels left.
You didn't know any spells.
Your spell library was empty.

Skill      XL: |  1  2  3  4  5 |
---------------+----------------+-----
Polearms       | 2 4 5 |  5.1
Fighting       | |  3.0
Armour         | |  1.5
Dodging        | |  0.7
Invocations    | |  1.5

Action                   |  1- 3 |  4- 6 || total
-------------------------+-------+-------++-------
Melee: Spear             |    47 |     8 ||    55
       Halberd           |    97 |    46 ||   143
       Scythe            |       |    16 ||    16
Evoke: Wand              |       |     3 ||     3
  Use: Scroll            |     3 |       ||     3
Armor: Scale mail        |    65 |    35 ||   100
Dodge: Dodged            |    76 |    22 ||    98

Inventory:

Hand Weapons
 a - a +1 spear (weapon)
 h - a +0 halberd
   (You took it off a gnoll on level 1 of the Dungeon)
Armour
 c - a +0 scale mail (worn)
   (You found it on level 1 of the Abyss)
 e - a scarf of spirit shield (worn)
   (You found it on level 1 of the Dungeon)
Jewellery
 f - a +6 ring of intelligence (right hand)
   (You found it on level 1 of the Dungeon)
 j - a cursed ring of loudness (left hand)
   (You took it off a goblin on level 1 of the Dungeon)
 l - an uncursed ring of flight
   (You found it on level 2 of the Dungeon)
Wands
 g - a wand of polymorph (2)
   (You took it off Sigmund on level 2 of the Dungeon)
Scrolls
 d - a scroll of enchant armour
 i - 2 scrolls of immolation
 r - a scroll of identify
 t - a scroll of teleportation {!r}


You were on level 1 of the Dungeon.
You worshipped Lugonu.
Lugonu was pleased with you.
You were not hungry.

You visited 1 branch of the dungeon, and saw 2 of its levels.
You visited the Abyss 1 time.

You collected 151 gold pieces.

Dungeon Overview and Level Annotations

Branches:
Dungeon (2/15)

Altars:

# #..###...##...##...##...###..
### ##...##.####.####.####.#....#
..# ###......................###
#.# ############.#############
#.############.......>...........
#.#.....#.........#.#####.#######
#)#.....#......##.#.# #...#
#.....).#..###.##>#.# #.###
###.....#..# #.#@...# #.#
#.....#..# #.o....# #.#
##...##..# #.#...## #.#
#(.#.....# #.##.## #.# #....##.##
#.##.# #.# ###.#.###.####.##.#
#.# ...............##.# #.#
....#.###.........# #.#
.....#.........#### #.#


You could see an orc warrior.

Notes
Turn   | Place    | Note
-------+----------+-------------------------------------------
     0 | Abyss:1  | theanonym the Mummy Abyssal Knight began the quest for the Orb.
     0 | Abyss:1  | Reached XP level 1. HP: 18/18 MP: 2/2
     2 | Abyss:1  | Found a corrupted altar of Lugonu.
    15 | D:1      | Escaped the Abyss
   134 | D:1      | Reached skill level 2 in Polearms
   260 | D:1      | Reached XP level 2. HP: 14/24 MP: 1/3
   782 | D:1      | Reached XP level 3. HP: 29/29 MP: 4/4
   899 | D:2      | Reached skill level 3 in Polearms
   917 | D:2      | HP: 14/29 [adder (2)]
  1169 | D:2      | Noticed an orc warrior
  1224 | D:2      | Noticed Sigmund
  1324 | D:2      | HP: 14/29 [kobold/club (1)]
  1334 | D:1      | HP: 8/29 [kobold/club (2)]
  1624 | D:2      | HP: 14/29 [something (7)]
  1627 | D:2      | Killed Sigmund
  1627 | D:2      | Reached skill level 4 in Polearms
  1627 | D:2      | Reached XP level 4. HP: 17/35 MP: 2/5
  1627 | D:2      | Reached XP level 5. HP: 20/41 MP: 2/6
  1819 | D:2      | Reached ** piety under Lugonu
  1962 | D:2      | Reached skill level 5 in Polearms
  1997 | D:2      | Noticed an ogre
  2026 | D:2      | Noticed a sky beast
  2026 | D:2      | an ogre changed into a sky beast
  2112 | D:1      | HP: 20/41 [something/puff of flame (11)]
  2278 | D:1      | HP: 9/41 [orc warrior/short sword (15)]
  2295 | D:1      | Slain by an orc warrior

Vanquished Creatures
  Sigmund (D:2)
  An orc wizard (D:1)
  A gnoll (D:1)
  2 adders (D:2)
  A worm (D:2)
  3 dart slugs
  A leopard gecko (D:1)
  A giant cockroach (D:1)
  4 goblins
  3 hobgoblins
  4 jackals
  2 quokkas (D:2)
  4 bats (D:1)
  2 frilled lizards
  6 kobolds
  5 rats
41 creatures vanquished.

Table legend:
 A = Turns spent in this place as a percentage of turns spent in the entire game.
 B = Non-inter-level travel turns spent in this place as a percentage of non-inter-level travel turns spent in the entire game.
 C = Inter-level travel turns spent in this place as a percentage of turns spent in this place.
 D = Turns resting spent in this place as a percentage of non-inter-level travel turns spent in this place.
 E = Turns spent auto-exploring this place as a percentage of non-inter-level travel turns spent in this place.
 F = Non-inter-level travel turns spent in this place divided by the number of levels of this place that you've seen.
                   A       B       C       D       E      F
               +-------+-------+-------+-------+-------+----------------------
         Total | 100.0 | 100.0 |   9.4 |  45.5 |  30.5 | 693.0
       Dungeon |  99.3 |  99.3 |   9.5 |  45.8 |  30.6 | 1032.0
         Abyss |   0.7 |   0.7 |   0.0 |   0.0 |  20.0 |  15.0
               +-------+-------+-------+-------+-------+----------------------
